Rangers vs Devils

Created - 4 février 2017 at 20:38

Goals
1 2 3 T
Rangers 0 3 3 6
Devils 0 2 2 4
Shots
1 2 3 T
Rangers 1 26 17 44
Devils 7 16 8 31

1st period

No Goal

Penalties :
Jakob Silfverberg (NYR) for Interference (Minor) at 0:25, Matt Read (NYR) for High sticking (Minor) at 10:51, Chris Bourque (NYR) for Cross-checking (Minor) at 15:16, Staffan Kronwall (NYR) for Hooking (Minor) at 19:12

2nd period

1. Rangers , Nick Foligno 3 (Mike Cammalleri, Staffan Kronwall) at 7:54
2. Rangers , Artem Anisimov 5 (Mark Fistric, Stephen Weiss) at 9:02
3. Devils , Chris Mcallister 8 (Mike Komisarek, Karl Alzner) at 12:33
4. Devils , Brett Maclean 6 (Damien Brunner, Steve Ott) at 16:07
5. Rangers , Patrice Bergeron 25 (Milan Lucic) at 16:13

Penalties :
Ilya Kovalchuk (NJD) for Goalie Interference (Minor) at 9:07

3rd period

6. Devils , Jason Spezza 21 (Vladimir Tarasenko, Chris Phillips) at 0:10
7. Devils , Vladimir Tarasenko 15 (Jason Spezza, Brent Seabrook) at 1:27
8. Rangers , Artem Anisimov 6 (Patrice Bergeron, Jakob Silfverberg) at 3:33
9. Rangers , Nick Foligno 4 (Mike Cammalleri, Cam Barker) at 17:49
10. Rangers , Matt Greene 1 (Matt Read, Patrice Bergeron) at 19:11 (Empty Net)

Penalties :
No Penalty

Goalie Stats

Henrik Lundqvist (NYR), 27 saves from 31 shots - (0,871), W, 15-7-1, 60:00 minutes
Frederik Andersen (NJD), 38 saves from 43 shots - (0,884), L, 6-11-2, 59:35 minutes

Players Stats for Rangers

Player Name              G  A  P  +/- PIM S  H  SB GA TA FO     MP     PP MP  PK MP  
------------------------------------------------------------------------------------
Artem Anisimov           2  0  2   4  0   5  2  0  0  1  4/7    14:40   0:00   3:07 
Bryan Young              0  0  0   0  0   1  0  1  0  0  0/0     3:58   0:00   0:00 
Cam Barker               0  1  1   0  0   5  0  1  1  1  0/0    27:30   0:46   4:40 
Chris Bourque            0  0  0  -1  2   1  2  1  0  0  0/0     7:34   0:00   0:45 
Drew Stafford            0  0  0   0  0   1  0  0  0  0  0/0    13:52   1:22   0:00 
Gustav Nyquist           0  0  0  -1  0   2  0  0  0  0  0/0     6:18   0:00   0:00 
Jakob Silfverberg        0  1  1  -2  2   2  4  1  0  3  0/0    19:45   0:37   0:00 
Mark Fistric             0  1  1   1  0   1  3  0  0  1  0/0    20:34   0:46   3:16 
Matt Greene              1  0  1   1  0   2  1  1  0  0  0/0    19:56   1:13   4:40 
Matt Read                0  1  1   1  2   1  3  0  0  1  0/0    16:16   0:37   2:27 
Mike Cammalleri          0  2  2   4  0   2  1  0  2  0  0/0    11:26   0:00   0:03 
Milan Lucic              0  1  1  -2  0   2  6  0  1  0  1/1    20:21   1:22   0:00 
Nick Foligno             2  0  2   5  0   6  2  3  0  0  1/1    15:43   0:00   4:05 
Patrice Bergeron         1  2  3  -1  0   3  2  0  1  2  14/29  21:51   1:22   1:11 
Ryan Suter               0  0  0   0  0   5  1  2  0  0  0/0    24:01   1:13   3:16 
Staffan Kronwall         0  1  1   2  2   2  1  2  0  0  0/0    24:02   0:00   0:00 
Stephen Weiss            0  1  1   0  0   1  2  0  1  0  10/17  13:41   0:37   0:08 
Valtteri Filppula        0  0  0  -1  0   2  4  0  0  0  4/9    10:32   0:00   4:06 

Players Stats for Devils

Player Name              G  A  P  +/- PIM S  H  SB GA TA FO     MP     PP MP  PK MP  
------------------------------------------------------------------------------------
Brad Richardson          0  0  0  -1  0   1  2  0  0  2  0/0    12:34   0:00   0:26 
Brent Seabrook           0  1  1   2  0   2  0  0  3  0  0/0    22:57   5:17   1:02 
Brett Maclean            1  0  1   0  0   4  1  0  0  0  0/0     7:15   0:00   0:00 
Chris Mcallister         1  0  1  -1  0   2  1  0  1  0  0/0    12:08   0:00   0:00 
Chris Phillips           0  1  1   2  0   0  2  0  0  0  0/0    17:55   2:39   0:00 
Damien Brunner           0  1  1   0  0   1  0  0  0  0  0/0     7:15   0:00   0:00 
Gabriel Landeskog        0  0  0   0  0   1  0  0  0  0  0/1    18:43   3:59   0:44 
Ilya Kovalchuk           0  0  0  -1  2   4  2  0  0  0  0/3    20:38   3:57   0:00 
Jason Spezza             1  1  2  -1  0   4  0  0  1  1  16/33  20:57   3:57   0:18 
Jay McKee                0  0  0  -3  0   1  2  1  0  0  0/0    24:02   0:00   0:57 
Karl Alzner              0  1  1  -1  0   2  0  0  0  0  0/0    19:17   5:17   0:00 
Matt Duchene             0  0  0   0  0   1  3  0  0  0  7/11   18:09   3:59   0:10 
Michael Frolik           0  0  0  -1  0   2  2  1  1  0  0/2    19:28   3:59   1:15 
Michal Rozsival          0  0  0  -3  0   1  1  1  0  2  0/0    24:37   2:39   0:57 
Mike Komisarek           0  1  1  -1  0   2  1  0  1  0  0/0    11:12   0:00   1:02 
Steve Ott                0  1  1   0  0   0  1  0  0  1  2/2     7:15   0:00   0:00 
Vincent Lecavalier       0  0  0  -1  0   2  2  1  1  0  4/11   13:13   0:00   1:05 
Vladimir Tarasenko       1  1  2   0  0   1  2  0  1  0  1/1    20:25   3:57   0:00 

3 Stars

1 - Nick Foligno (NYR)
2 - Artem Anisimov (NYR)
3 - Mike Cammalleri (NYR)

Power Play

Rangers - 0 on 1 Attempt(s) - 0,00%
Devils - 0 on 4 Attempt(s) - 0,00%

Penalty Kill

Rangers - 4 on 4 Attempt(s) - 100,00% - Score 0 goal in Penalty Kill
Devils - 1 on 1 Attempt(s) - 100,00% - Score 0 goal in Penalty Kill

Team Stat

Rangers - Hits : 34 - Faceoff Wins : 34 - Blocked Shots : 12 - Penalty Minutes : 8
Devils - Hits : 22 - Faceoff Wins : 30 - Blocked Shots : 4 - Penalty Minutes : 2

Official

Referees : Kozari Steve and Kimmerly Greg
Linesman : Lonnie Cameron and Mark Pare

Game Notes

14:11 of 2nd period - Rangers goal is going for a video replay. After video review, No Goal. The puck has been kicked using a distinct kicking motion.
Matt Greene has scored in a empty net!

Finance

Level 1 -- Attendance: 5518 (91,97%) -- Ticket Income 469 030 $
Level 2 -- Attendance: 5000 (100,00%) -- Ticket Income 260 000 $
Level 3 -- Attendance: 2000 (100,00%) -- Ticket Income 56 000 $
Level 4 -- Attendance: 4000 (100,00%) -- Ticket Income 80 000 $
Luxury Box -- Attendance: 969 (96,90%) -- Ticket Income 145 350 $
Game was played at the The prudential Center.
Total Attendance: 17487 (97,15%)
Total Ticket Income: 1 010 380 $
Other Income: 151 557 $
Total Income: 1 161 937 $

Rangers

5 vs 5 Forward 
   Center                   Left Wing                Right Wing               Time % Phy DF OF 
 1 Patrice Bergeron         Milan Lucic              Jakob Silfverberg        40     1   2  2  
 2 Stephen Weiss            Matt Read                Drew Stafford            30     1   2  2  
 3 Artem Anisimov           Nick Foligno             Mike Cammalleri          20     1   2  2  
 4 Valtteri Filppula        Chris Bourque            Gustav Nyquist           10     1   2  2  

5 vs 5 Defense 
   Defense                  Defense                                           Time % Phy DF OF 
 1 Cam Barker               Ryan Suter                                        40     1   2  2  
 2 Mark Fistric             Staffan Kronwall                                  30     1   2  2  
 3 Matt Greene              Staffan Kronwall                                  20     1   2  2  
 4 Cam Barker               Mark Fistric                                      10     1   2  2  

PowerPlay Forward 
   Center                   Left Wing                Right Wing               Time % Phy DF OF 
 1 Patrice Bergeron         Milan Lucic              Drew Stafford            60     1   2  2  
 2 Stephen Weiss            Matt Read                Jakob Silfverberg        40     1   2  2  

PowerPlay Defense
   Defense                  Defense                                           Time % Phy DF OF 
 1 Cam Barker               Mark Fistric                                      60     1   2  2  
 2 Matt Greene              Ryan Suter                                        40     1   2  2  

Penalty Kill 4 Players Forward 
   Center                   Wing                     Time % Phy DF OF 
 1 Valtteri Filppula        Nick Foligno             60     1   2  2  
 2 Artem Anisimov           Matt Read                40     1   2  2  

Penalty Kill 4 Players Defense
   Defense                  Defense                  Time % Phy DF OF 
 1 Cam Barker               Matt Greene              60     1   2  2  
 2 Mark Fistric             Ryan Suter               40     1   2  2  

Penalty Kill - 3 Players Forward 
   Forward                                           Time % Phy DF OF 
 1 Matt Read                                         60     1   2  2  
 2 Nick Foligno                                      40     1   2  2  

Penalty Kill - 3 Players Defense
   Defense                  Defense                  Time % Phy DF OF 
 1 Cam Barker               Matt Greene              60     1   2  2  
 2 Mark Fistric             Ryan Suter               40     1   2  2  

4 vs 4 Forward 
   Center                   Wing                     Time % Phy DF OF 
 1 Patrice Bergeron         Milan Lucic              60     1   2  2  
 2 Stephen Weiss            Jakob Silfverberg        40     1   2  2  

4 vs 4 Defense
   Defense                  Defense                  Time % Phy DF OF 
 1 Cam Barker               Ryan Suter               60     1   2  2  
 2 Mark Fistric             Matt Greene              40     1   2  2  

Last Minutes Offensive
   Center                   Left Wing                Right Wing               Defense                  Defense                  
   Patrice Bergeron         Milan Lucic              Jakob Silfverberg        Cam Barker               Drew Stafford            

Last Minutes Defensive
   Center                   Left Wing                Right Wing               Defense                  Defense                  
   Patrice Bergeron         Nick Foligno             Matt Read                Cam Barker               Mark Fistric             

Goaltenders
Starting : Henrik Lundqvist         
Backup : Hannu Toivonen           

Extra Forwards
Normal : Artem Anisimov, Valtteri Filppula, Milan Lucic - PP : Jakob Silfverberg, Patrice Bergeron - PK : Patrice Bergeron
Extra Defensemen
Normal : Matt Greene, Ryan Suter, Cam Barker - PP : Ryan Suter - PK : Cam Barker, Matt Greene
Penalty Shots
Patrice Bergeron, Jakob Silfverberg, Milan Lucic, Stephen Weiss, Valtteri Filppula

Devils

5 vs 5 Forward 
   Center                   Left Wing                Right Wing               Time % Phy DF OF 
 1 Jason Spezza             Ilya Kovalchuk           Vladimir Tarasenko       40     0   2  3  
 2 Matt Duchene             Gabriel Landeskog        Michael Frolik           30     0   2  3  
 3 Vincent Lecavalier       Chris Mcallister         Brad Richardson          20     0   2  3  
 4 Steve Ott                Brett Maclean            Damien Brunner           10     0   3  2  

5 vs 5 Defense 
   Defense                  Defense                                           Time % Phy DF OF 
 1 Michal Rozsival          Jay McKee                                         40     1   2  2  
 2 Chris Phillips           Brent Seabrook                                    30     1   2  2  
 3 Karl Alzner              Mike Komisarek                                    20     1   2  2  
 4 Brent Seabrook           Karl Alzner                                       10     1   2  2  

PowerPlay Forward 
   Center                   Left Wing                Right Wing               Time % Phy DF OF 
 1 Jason Spezza             Ilya Kovalchuk           Vladimir Tarasenko       55     0   1  4  
 2 Matt Duchene             Gabriel Landeskog        Michael Frolik           45     0   1  4  

PowerPlay Defense
   Defense                  Defense                                           Time % Phy DF OF 
 1 Brent Seabrook           Karl Alzner                                       60     0   2  3  
 2 Chris Phillips           Michal Rozsival                                   40     0   2  3  

Penalty Kill 4 Players Forward 
   Center                   Wing                     Time % Phy DF OF 
 1 Vincent Lecavalier       Michael Frolik           60     1   2  2  
 2 Jason Spezza             Gabriel Landeskog        40     1   2  2  

Penalty Kill 4 Players Defense
   Defense                  Defense                  Time % Phy DF OF 
 1 Brent Seabrook           Mike Komisarek           60     1   2  2  
 2 Michal Rozsival          Jay McKee                40     1   2  2  

Penalty Kill - 3 Players Forward 
   Forward                                           Time % Phy DF OF 
 1 Ilya Kovalchuk                                    60     1   2  2  
 2 Vincent Lecavalier                                40     1   2  2  

Penalty Kill - 3 Players Defense
   Defense                  Defense                  Time % Phy DF OF 
 1 Michal Rozsival          Jay McKee                60     1   2  2  
 2 Mike Komisarek           Brent Seabrook           40     1   2  2  

4 vs 4 Forward 
   Center                   Wing                     Time % Phy DF OF 
 1 Jason Spezza             Michael Frolik           60     1   2  2  
 2 Matt Duchene             Ilya Kovalchuk           40     1   2  2  

4 vs 4 Defense
   Defense                  Defense                  Time % Phy DF OF 
 1 Michal Rozsival          Brent Seabrook           60     1   2  2  
 2 Mike Komisarek           Jay McKee                40     1   2  2  

Last Minutes Offensive
   Center                   Left Wing                Right Wing               Defense                  Defense                  
   Jason Spezza             Ilya Kovalchuk           Michael Frolik           Brent Seabrook           Michal Rozsival          

Last Minutes Defensive
   Center                   Left Wing                Right Wing               Defense                  Defense                  
   Jason Spezza             Ilya Kovalchuk           Michael Frolik           Michal Rozsival          Brent Seabrook           

Goaltenders
Starting : Frederik Andersen        
Backup : James Reimer             

Extra Forwards
Normal : Vincent Lecavalier, Steve Ott, Brad Richardson - PP : Matt Duchene, Steve Ott - PK : Brad Richardson
Extra Defensemen
Normal : Brent Seabrook, Karl Alzner, Michal Rozsival - PP : Chris Phillips - PK : Karl Alzner, Brent Seabrook
Penalty Shots
Ilya Kovalchuk, Vincent Lecavalier, Jason Spezza, Michael Frolik, Matt Duchene

% Time on Ice - Rangers

Lines # - Real PCT - Wanted PCT - Time Play
Normal Forward
1 - 39% - 40% - 19:39
2 - 25% - 30% - 12:30
3 - 23% - 20% - 11:23
4 - 13% - 10% - 6:18
Normal Defense
1 - 43% - 40% - 21:33
2 - 25% - 30% - 12:37
3 - 23% - 20% - 11:20
4 - 9% - 10% - 4:20
PP Forward
1 - 69% - 60% - 1:22
2 - 31% - 40% - 0:37
PP Defense
1 - 39% - 60% - 0:46
2 - 61% - 40% - 1:13
PK Forward
1 - 61% - 60% - 4:49
2 - 39% - 40% - 3:07
PK Defense
1 - 59% - 60% - 4:40
2 - 41% - 40% - 3:16
PK3 Forward
1 - 0% - 60%
2 - 0% - 40%
PK3 Defense
1 - 0% - 60%
2 - 0% - 40%
44 Forward
1 - 0% - 60%
2 - 0% - 40%
44 Defense
1 - 0% - 60%
2 - 0% - 40%
Last Minute Offensive  - 0:00
Last Minute Defensive  - 0:15
Total
Forward - 60:00
Defense - 60:00

% Time on Ice - Devils

Lines # - Real PCT - Wanted PCT - Time Play
Normal Forward
1 - 33% - 40% - 16:28
2 - 28% - 30% - 14:00
3 - 24% - 20% - 12:08
4 - 15% - 10% - 7:15
Normal Defense
1 - 43% - 40% - 21:22
2 - 30% - 30% - 15:02
3 - 20% - 20% - 9:56
4 - 7% - 10% - 3:31
PP Forward
1 - 50% - 55% - 3:57
2 - 50% - 45% - 3:59
PP Defense
1 - 67% - 60% - 5:17
2 - 33% - 40% - 2:39
PK Forward
1 - 85% - 60% - 1:41
2 - 15% - 40% - 0:18
PK Defense
1 - 52% - 60% - 1:02
2 - 48% - 40% - 0:57
PK3 Forward
1 - 0% - 60%
2 - 0% - 40%
PK3 Defense
1 - 0% - 60%
2 - 0% - 40%
44 Forward
1 - 0% - 60%
2 - 0% - 40%
44 Defense
1 - 0% - 60%
2 - 0% - 40%
Last Minute Offensive  - 0:14
Last Minute Defensive  - 0:00
Total
Forward - 60:00
Defense - 60:00

Play by Play

1st period


0:01 of 1st period - Patrice Bergeron wins face-off versus Jason Spezza in neutral zone.
0:25 of 1st period - Minor Penalty to Jakob Silfverberg for Interference.
0:26 of 1st period - Valtteri Filppula wins face-off versus Jason Spezza in Rangers zone.
2:22 of 1st period - Chris Phillips is hit by Chris Bourque.
2:25 of 1st period - Penalty to Jakob Silfverberg is over, Jakob Silfverberg is back on ice.
2:38 of 1st period - Karl Alzner is hit by Stephen Weiss and loses puck.
2:51 of 1st period - Staffan Kronwall is hit by Jay McKee and loses puck.
3:16 of 1st period - Jakob Silfverberg is hit by Brad Richardson and loses puck.
3:55 of 1st period - Chris Phillips is hit by Nick Foligno and loses puck.
4:11 of 1st period - Vincent Lecavalier is hit by Valtteri Filppula and loses puck.
4:20 of 1st period - Gustav Nyquist is hit by Michal Rozsival and loses puck.
5:10 of 1st period - Michal Rozsival is hit by Ryan Suter.
5:22 of 1st period - Jason Spezza is hit by Stephen Weiss and loses puck.
5:54 of 1st period - Michal Rozsival is hit by Artem Anisimov and loses puck.
6:43 of 1st period - Jason Spezza is hit by Milan Lucic.
6:47 of 1st period - Karl Alzner is hit by Patrice Bergeron and loses puck.
7:04 of 1st period - Karl Alzner is hit by Mike Cammalleri and loses puck.
7:09 of 1st period - Snap shot by Artem Anisimov.
7:09 of 1st period - Shot Misses the Net.
7:49 of 1st period - Snap shot by Stephen Weiss.
7:49 of 1st period - Shot Misses the Net.
7:59 of 1st period - Michal Rozsival is hit by Nick Foligno and loses puck.
8:16 of 1st period - Jakob Silfverberg is hit by Brett Maclean and loses puck.
8:33 of 1st period - Chris Phillips is hit by Matt Read and loses puck.
8:40 of 1st period - Snap shot by Drew Stafford.
8:40 of 1st period - Shot Misses the Net.
9:30 of 1st period - Icing by Michael Frolik.
9:31 of 1st period - Patrice Bergeron wins face-off versus Michael Frolik in Devils zone.
9:32 of 1st period - Snap shot by Milan Lucic.
9:32 of 1st period - Shot Misses the Net.
10:13 of 1st period - Wrist shot by Matt Duchene.
10:13 of 1st period - Stopped by Henrik Lundqvist without a rebound.
10:14 of 1st period - Jason Spezza wins face-off versus Patrice Bergeron in Rangers zone.
10:15 of 1st period - Wrist shot by Ilya Kovalchuk.
10:15 of 1st period - Shot Blocked by Cam Barker.
10:44 of 1st period - Snap shot by Brad Richardson.
10:44 of 1st period - Shot Misses the Net.
10:46 of 1st period - Slapshot by Chris Phillips.
10:46 of 1st period - Deflect By Vincent Lecavalier.
10:46 of 1st period - Shot Misses the Net.
10:46 of 1st period - Puck is out of play.
10:47 of 1st period - Vincent Lecavalier wins face-off versus Stephen Weiss in Rangers zone.
10:51 of 1st period - Minor Penalty to Matt Read for High sticking.
10:52 of 1st period - Jason Spezza wins face-off versus Valtteri Filppula in Rangers zone.
10:56 of 1st period - Snap shot by Jason Spezza.
10:56 of 1st period - Stopped by Henrik Lundqvist with a rebound.
10:58 of 1st period - Snap shot by Ilya Kovalchuk.
10:58 of 1st period - Stopped by Henrik Lundqvist with a rebound.
11:00 of 1st period - Slapshot by Brent Seabrook.
11:00 of 1st period - Stopped by Henrik Lundqvist with a rebound.
11:02 of 1st period - Slapshot by Karl Alzner.
11:02 of 1st period - Shot Misses the Net.
11:04 of 1st period - Slapshot by Brent Seabrook.
11:04 of 1st period - Shot Blocked by Nick Foligno.
11:06 of 1st period - Wrist shot by Ilya Kovalchuk.
11:06 of 1st period - Shot Blocked by Nick Foligno.
11:08 of 1st period - Wrist shot by Ilya Kovalchuk.
11:08 of 1st period - Shot Misses the Net.
12:16 of 1st period - Cam Barker is hit by Matt Duchene and loses puck.
12:46 of 1st period - Icing by Brent Seabrook.
12:47 of 1st period - Stephen Weiss wins face-off versus Jason Spezza in Devils zone.
12:48 of 1st period - Slapshot by Cam Barker.
12:48 of 1st period - Stopped by Frederik Andersen with a rebound.
12:51 of 1st period - Penalty to Matt Read is over, Matt Read is back on ice.
12:54 of 1st period - Cam Barker is hit by Ilya Kovalchuk.
13:26 of 1st period - Jay McKee is hit by Milan Lucic and loses puck.
15:16 of 1st period - Minor Penalty to Chris Bourque for Cross-checking.
15:17 of 1st period - Jason Spezza wins face-off versus Valtteri Filppula in Rangers zone.
15:25 of 1st period - Wrist shot by Jason Spezza.
15:25 of 1st period - Shot Misses the Net.
15:43 of 1st period - Karl Alzner is hit by Matt Read and loses puck.
15:52 of 1st period - Ryan Suter is hit by Michael Frolik and loses puck.
16:38 of 1st period - Icing by Vladimir Tarasenko.
16:39 of 1st period - Valtteri Filppula wins face-off versus Ilya Kovalchuk in Devils zone.
17:16 of 1st period - Penalty to Chris Bourque is over, Chris Bourque is back on ice.
17:32 of 1st period - Slapshot by Cam Barker.
17:32 of 1st period - Shot Blocked by Vincent Lecavalier.
17:50 of 1st period - Snap shot by Brett Maclean.
17:50 of 1st period - Stopped by Henrik Lundqvist with a rebound.
18:16 of 1st period - Artem Anisimov is hit by Chris Mcallister.
18:51 of 1st period - Wrist shot by Brett Maclean.
18:51 of 1st period - Stopped by Henrik Lundqvist with a rebound.
18:53 of 1st period - Slapshot by Mike Komisarek.
18:53 of 1st period - Shot Blocked by Bryan Young.
18:55 of 1st period - Slapshot by Mike Komisarek.
18:55 of 1st period - Shot Misses the Net.
18:57 of 1st period - Slapshot by Karl Alzner.
18:57 of 1st period - Stopped by Henrik Lundqvist without a rebound.
18:58 of 1st period - Matt Duchene wins face-off versus Patrice Bergeron in Rangers zone.
19:12 of 1st period - Minor Penalty to Staffan Kronwall for Hooking.
19:13 of 1st period - Valtteri Filppula wins face-off versus Jason Spezza in Rangers zone.
19:13 of 1st period - Valtteri Filppula is hit by Vladimir Tarasenko.
19:38 of 1st period - Gabriel Landeskog is hit by Artem Anisimov and loses puck.
Goals for this period are 0 for Rangers vs 0 for Devils.
Shots for this period are 1 for Rangers vs 7 for Devils.

2nd period


0:01 of 2nd period - Vladimir Tarasenko wins face-off versus Valtteri Filppula in neutral zone.
0:06 of 2nd period - Snap shot by Ilya Kovalchuk.
0:06 of 2nd period - Shot Misses the Net.
1:12 of 2nd period - Penalty to Staffan Kronwall is over, Staffan Kronwall is back on ice.
1:19 of 2nd period - Patrice Bergeron is hit by Vincent Lecavalier.
1:22 of 2nd period - Off-side.
1:23 of 2nd period - Vincent Lecavalier wins face-off versus Patrice Bergeron in neutral zone.
1:46 of 2nd period - Wrist shot by Vincent Lecavalier.
1:46 of 2nd period - Stopped by Henrik Lundqvist with a rebound.
1:48 of 2nd period - Slapshot by Karl Alzner.
1:48 of 2nd period - Shot Misses the Net.
1:50 of 2nd period - Snap shot by Brad Richardson.
1:50 of 2nd period - Stopped by Henrik Lundqvist with a rebound.
2:12 of 2nd period - Snap shot by Chris Mcallister.
2:12 of 2nd period - Shot Blocked by Staffan Kronwall.
2:16 of 2nd period - Snap shot by Vincent Lecavalier.
2:16 of 2nd period - Stopped by Henrik Lundqvist with a rebound.
2:18 of 2nd period - Snap shot by Brad Richardson.
2:18 of 2nd period - Shot Misses the Net.
2:20 of 2nd period - Snap shot by Chris Mcallister.
2:20 of 2nd period - Stopped by Henrik Lundqvist without a rebound.
2:21 of 2nd period - Jason Spezza wins face-off versus Stephen Weiss in Rangers zone.
2:22 of 2nd period - Snap shot by Ilya Kovalchuk.
2:22 of 2nd period - Stopped by Henrik Lundqvist without a rebound.
2:23 of 2nd period - Stephen Weiss wins face-off versus Jason Spezza in Rangers zone.
2:35 of 2nd period - Off-side.
2:36 of 2nd period - Jason Spezza wins face-off versus Stephen Weiss in neutral zone.
4:57 of 2nd period - Slapshot by Gustav Nyquist.
4:57 of 2nd period - Stopped by Frederik Andersen without a rebound.
4:58 of 2nd period - Stephen Weiss wins face-off versus Vincent Lecavalier in Devils zone.
5:06 of 2nd period - Icing by Chris Phillips.
5:07 of 2nd period - Vincent Lecavalier wins face-off versus Stephen Weiss in Devils zone.
5:40 of 2nd period - Snap shot by Mark Fistric.
5:40 of 2nd period - Stopped by Frederik Andersen without a rebound.
5:41 of 2nd period - Jason Spezza wins face-off versus Patrice Bergeron in Devils zone.
5:48 of 2nd period - Slapshot by Mike Komisarek.
5:48 of 2nd period - Stopped by Henrik Lundqvist with a rebound.
6:12 of 2nd period - Wrist shot by Artem Anisimov.
6:12 of 2nd period - Shot Blocked by Michael Frolik.
6:14 of 2nd period - Snap shot by Artem Anisimov.
6:14 of 2nd period - Stopped by Frederik Andersen with a rebound.
6:16 of 2nd period - Snap shot by Artem Anisimov.
6:16 of 2nd period - Stopped by Frederik Andersen without a rebound.
6:17 of 2nd period - Stephen Weiss wins face-off versus Ilya Kovalchuk in Devils zone.
6:20 of 2nd period - Snap shot by Matt Read.
6:20 of 2nd period - Stopped by Frederik Andersen with a rebound.
7:07 of 2nd period - Slapshot by Michal Rozsival.
7:07 of 2nd period - Stopped by Henrik Lundqvist with a rebound.
7:09 of 2nd period - Snap shot by Brad Richardson.
7:09 of 2nd period - Shot Blocked by Nick Foligno.
7:31 of 2nd period - Staffan Kronwall is hit by Jay McKee and loses puck.
7:54 of 2nd period - Slapshot by Nick Foligno.
7:54 of 2nd period - Goal by Nick Foligno - Rangers : 1 - Devils : 0.
7:55 of 2nd period - Patrice Bergeron wins face-off versus Jason Spezza in neutral zone.
8:02 of 2nd period - Snap shot by Patrice Bergeron.
8:02 of 2nd period - Deflect By Chris Phillips.
8:02 of 2nd period - Stopped by Frederik Andersen with a rebound.
8:07 of 2nd period - Off-side.
8:08 of 2nd period - Jason Spezza wins face-off versus Patrice Bergeron in neutral zone.
8:35 of 2nd period - Staffan Kronwall is hit by Chris Phillips and loses puck.
8:42 of 2nd period - Snap shot by Michael Frolik.
8:42 of 2nd period - Shot Misses the Net.
8:44 of 2nd period - Slapshot by Mike Komisarek.
8:44 of 2nd period - Shot Hit the Post.
9:02 of 2nd period - Wrist shot by Artem Anisimov.
9:02 of 2nd period - Goal by Artem Anisimov - Rangers : 2 - Devils : 0.
9:03 of 2nd period - Patrice Bergeron wins face-off versus Jason Spezza in neutral zone.
9:07 of 2nd period - Minor Penalty to Ilya Kovalchuk for Goalie Interference.
9:08 of 2nd period - Vincent Lecavalier wins face-off versus Patrice Bergeron in Devils zone.
9:34 of 2nd period - Michael Frolik is hit by Jakob Silfverberg and loses puck.
10:03 of 2nd period - Gabriel Landeskog is hit by Milan Lucic and loses puck.
10:48 of 2nd period - Wrist shot by Milan Lucic.
10:48 of 2nd period - Stopped by Frederik Andersen without a rebound.
10:49 of 2nd period - Stephen Weiss wins face-off versus Matt Duchene in Devils zone.
11:00 of 2nd period - Michael Frolik is hit by Jakob Silfverberg and loses puck.
11:07 of 2nd period - Penalty to Ilya Kovalchuk is over, Ilya Kovalchuk is back on ice.
11:24 of 2nd period - Slapshot by Brett Maclean.
11:24 of 2nd period - Stopped by Henrik Lundqvist with a rebound.
11:26 of 2nd period - Snap shot by Damien Brunner.
11:26 of 2nd period - Stopped by Henrik Lundqvist without a rebound.
11:27 of 2nd period - Valtteri Filppula wins face-off versus Jason Spezza in Rangers zone.
11:27 of 2nd period - Valtteri Filppula is hit by Mike Komisarek.
11:38 of 2nd period - Icing by Mike Komisarek.
11:39 of 2nd period - Jason Spezza wins face-off versus Artem Anisimov in Devils zone.
12:04 of 2nd period - Gabriel Landeskog is hit by Matt Read and loses puck.
12:11 of 2nd period - Snap shot by Drew Stafford.
12:11 of 2nd period - Stopped by Frederik Andersen with a rebound.
12:13 of 2nd period - Wrist shot by Stephen Weiss.
12:13 of 2nd period - Stopped by Frederik Andersen with a rebound.
12:23 of 2nd period - Snap shot by Vincent Lecavalier.
12:23 of 2nd period - Shot Misses the Net.
12:27 of 2nd period - Wrist shot by Brad Richardson.
12:27 of 2nd period - Shot Misses the Net.
12:29 of 2nd period - Backhand shot by Karl Alzner.
12:29 of 2nd period - Stopped by Henrik Lundqvist with a rebound.
12:31 of 2nd period - Slapshot by Mike Komisarek.
12:31 of 2nd period - Stopped by Henrik Lundqvist with a rebound.
12:33 of 2nd period - Slapshot by Chris Mcallister.
12:33 of 2nd period - Goal by Chris Mcallister - Rangers : 2 - Devils : 1.
12:34 of 2nd period - Patrice Bergeron wins face-off versus Ilya Kovalchuk in neutral zone.
13:07 of 2nd period - Snap shot by Stephen Weiss.
13:07 of 2nd period - Shot Misses the Net.
13:09 of 2nd period - Slapshot by Ryan Suter.
13:09 of 2nd period - Stopped by Frederik Andersen with a rebound.
13:11 of 2nd period - Slapshot by Ryan Suter.
13:11 of 2nd period - Stopped by Frederik Andersen with a rebound.
13:13 of 2nd period - Slapshot by Ryan Suter.
13:13 of 2nd period - Stopped by Frederik Andersen with a rebound.
13:22 of 2nd period - Off-side.
13:23 of 2nd period - Artem Anisimov wins face-off versus Vincent Lecavalier in neutral zone.
13:32 of 2nd period - Snap shot by Nick Foligno.
13:32 of 2nd period - Shot Misses the Net.
13:34 of 2nd period - Snap shot by Mark Fistric.
13:34 of 2nd period - Deflect By Mike Cammalleri.
13:34 of 2nd period - Shot Misses the Net.
13:34 of 2nd period - Puck is out of play.
13:35 of 2nd period - Patrice Bergeron wins face-off versus Jason Spezza in Devils zone.
13:48 of 2nd period - Chris Phillips is hit by Jakob Silfverberg and loses puck.
14:05 of 2nd period - Slapshot by Milan Lucic.
14:05 of 2nd period - Stopped by Frederik Andersen without a rebound.
14:06 of 2nd period - Stephen Weiss wins face-off versus Michael Frolik in Devils zone.
14:09 of 2nd period - Slapshot by Stephen Weiss.
14:09 of 2nd period - Shot Misses the Net.
14:11 of 2nd period - Slapshot by Matt Greene.
14:11 of 2nd period - Rangers goal is going for a video replay.
14:11 of 2nd period - The goal is refused. The puck has been kicked using a distinct kicking motion..
14:12 of 2nd period - Patrice Bergeron wins face-off versus Jason Spezza in Devils zone.
14:13 of 2nd period - Snap shot by Milan Lucic.
14:13 of 2nd period - Shot Misses the Net.
14:15 of 2nd period - Snap shot by Jakob Silfverberg.
14:15 of 2nd period - Shot Misses the Net.
14:17 of 2nd period - Snap shot by Staffan Kronwall.
14:17 of 2nd period - Deflect By Jakob Silfverberg.
14:17 of 2nd period - Shot Misses the Net.
14:17 of 2nd period - Puck is out of play.
14:18 of 2nd period - Jason Spezza wins face-off versus Patrice Bergeron in Devils zone.
14:29 of 2nd period - Slapshot by Jay McKee.
14:29 of 2nd period - Stopped by Henrik Lundqvist without a rebound.
14:30 of 2nd period - Jason Spezza wins face-off versus Patrice Bergeron in Rangers zone.
14:31 of 2nd period - Wrist shot by Ilya Kovalchuk.
14:31 of 2nd period - Stopped by Henrik Lundqvist without a rebound.
14:32 of 2nd period - Jason Spezza wins face-off versus Patrice Bergeron in Rangers zone.
14:43 of 2nd period - Snap shot by Jason Spezza.
14:43 of 2nd period - Stopped by Henrik Lundqvist with a rebound.
15:09 of 2nd period - Wrist shot by Stephen Weiss.
15:09 of 2nd period - Shot Blocked by Michal Rozsival.
15:42 of 2nd period - Steve Ott is hit by Mark Fistric.
15:45 of 2nd period - Off-side.
15:46 of 2nd period - Steve Ott wins face-off versus Valtteri Filppula in neutral zone.
15:55 of 2nd period - Wrist shot by Brett Maclean.
15:55 of 2nd period - Shot Misses the Net.
15:57 of 2nd period - Slapshot by Brent Seabrook.
15:57 of 2nd period - Shot Blocked by Chris Bourque.
16:07 of 2nd period - Snap shot by Brett Maclean.
16:07 of 2nd period - Goal by Brett Maclean - Rangers : 2 - Devils : 2.
16:08 of 2nd period - Patrice Bergeron wins face-off versus Jason Spezza in neutral zone.
16:13 of 2nd period - Snap shot by Patrice Bergeron.
16:13 of 2nd period - Goal by Patrice Bergeron - Rangers : 3 - Devils : 2.
16:14 of 2nd period - Jason Spezza wins face-off versus Patrice Bergeron in neutral zone.
16:45 of 2nd period - Slapshot by Staffan Kronwall.
16:45 of 2nd period - Stopped by Frederik Andersen with a rebound.
17:03 of 2nd period - Slapshot by Nick Foligno.
17:03 of 2nd period - Stopped by Frederik Andersen without a rebound.
17:04 of 2nd period - Artem Anisimov wins face-off versus Vincent Lecavalier in Devils zone.
17:05 of 2nd period - Wrist shot by Nick Foligno.
17:05 of 2nd period - Stopped by Frederik Andersen without a rebound.
17:06 of 2nd period - Artem Anisimov wins face-off versus Vincent Lecavalier in Devils zone.
17:11 of 2nd period - Slapshot by Nick Foligno.
17:11 of 2nd period - Stopped by Frederik Andersen with a rebound.
17:13 of 2nd period - Snap shot by Staffan Kronwall.
17:13 of 2nd period - Stopped by Frederik Andersen with a rebound.
17:43 of 2nd period - Snap shot by Jakob Silfverberg.
17:43 of 2nd period - Stopped by Frederik Andersen without a rebound.
17:44 of 2nd period - Matt Duchene wins face-off versus Stephen Weiss in Devils zone.
18:48 of 2nd period - Slapshot by Jason Spezza.
18:48 of 2nd period - Shot Misses the Net.
19:00 of 2nd period - Michal Rozsival is hit by Valtteri Filppula and loses puck.
19:11 of 2nd period - Slapshot by Chris Bourque.
19:11 of 2nd period - Stopped by Frederik Andersen with a rebound.
19:13 of 2nd period - Snap shot by Gustav Nyquist.
19:13 of 2nd period - Stopped by Frederik Andersen with a rebound.
19:15 of 2nd period - Wrist shot by Chris Bourque.
19:15 of 2nd period - Shot Misses the Net.
19:17 of 2nd period - Wrist shot by Gustav Nyquist.
19:17 of 2nd period - Shot Misses the Net.
19:19 of 2nd period - Slapshot by Valtteri Filppula.
19:19 of 2nd period - Stopped by Frederik Andersen without a rebound.
19:20 of 2nd period - Matt Duchene wins face-off versus Patrice Bergeron in Devils zone.
19:35 of 2nd period - Snap shot by Matt Duchene.
19:35 of 2nd period - Shot Misses the Net.
19:37 of 2nd period - Slapshot by Karl Alzner.
19:37 of 2nd period - Shot Misses the Net.
19:47 of 2nd period - Jakob Silfverberg is hit by Steve Ott.
19:51 of 2nd period - Brent Seabrook is hit by Milan Lucic and loses puck.
Goals for this period are 3 for Rangers vs 2 for Devils.
Shots for this period are 26 for Rangers vs 16 for Devils.

3rd period


0:01 of 3rd period - Milan Lucic wins face-off versus Jason Spezza in neutral zone.
0:10 of 3rd period - Backhand shot by Jason Spezza.
0:10 of 3rd period - Goal by Jason Spezza - Rangers : 3 - Devils : 3.
0:11 of 3rd period - Patrice Bergeron wins face-off versus Jason Spezza in neutral zone.
0:20 of 3rd period - Icing by Staffan Kronwall.
0:21 of 3rd period - Patrice Bergeron wins face-off versus Jason Spezza in Rangers zone.
0:42 of 3rd period - Milan Lucic is hit by Vladimir Tarasenko and loses puck.
0:53 of 3rd period - Wrist shot by Ilya Kovalchuk.
0:53 of 3rd period - Stopped by Henrik Lundqvist with a rebound.
0:55 of 3rd period - Snap shot by Vladimir Tarasenko.
0:55 of 3rd period - Deflect By Jason Spezza.
0:55 of 3rd period - Stopped by Henrik Lundqvist with a rebound.
1:21 of 3rd period - Snap shot by Jason Spezza.
1:21 of 3rd period - Shot Misses the Net.
1:23 of 3rd period - Snap shot by Jason Spezza.
1:23 of 3rd period - Shot Blocked by Jakob Silfverberg.
1:25 of 3rd period - Slapshot by Brent Seabrook.
1:25 of 3rd period - Stopped by Henrik Lundqvist with a rebound.
1:27 of 3rd period - Wrist shot by Jason Spezza.
1:27 of 3rd period - Deflect By Vladimir Tarasenko.
1:27 of 3rd period - Goal by Vladimir Tarasenko - Rangers : 3 - Devils : 4.
1:28 of 3rd period - Stephen Weiss wins face-off versus Matt Duchene in neutral zone.
2:15 of 3rd period - Snap shot by Valtteri Filppula.
2:15 of 3rd period - Deflect By Chris Bourque.
2:15 of 3rd period - Shot Blocked by Jay McKee.
2:15 of 3rd period - Puck is out of play.
2:16 of 3rd period - Stephen Weiss wins face-off versus Vincent Lecavalier in Devils zone.
2:23 of 3rd period - Snap shot by Drew Stafford.
2:23 of 3rd period - Deflect By Stephen Weiss.
2:23 of 3rd period - Shot Misses the Net.
2:23 of 3rd period - Puck is out of play.
2:24 of 3rd period - Stephen Weiss wins face-off versus Jason Spezza in Devils zone.
3:33 of 3rd period - Wrist shot by Artem Anisimov.
3:33 of 3rd period - Goal by Artem Anisimov - Rangers : 4 - Devils : 4.
3:34 of 3rd period - Jason Spezza wins face-off versus Patrice Bergeron in neutral zone.
3:48 of 3rd period - Slapshot by Jakob Silfverberg.
3:48 of 3rd period - Deflect By Patrice Bergeron.
3:48 of 3rd period - Shot Misses the Net.
3:48 of 3rd period - Puck is out of play.
3:49 of 3rd period - Matt Duchene wins face-off versus Stephen Weiss in Devils zone.
4:39 of 3rd period - Slapshot by Valtteri Filppula.
4:39 of 3rd period - Stopped by Frederik Andersen with a rebound.
4:44 of 3rd period - Icing by Jay McKee.
4:45 of 3rd period - Stephen Weiss wins face-off versus Vincent Lecavalier in Devils zone.
5:12 of 3rd period - Snap shot by Mike Cammalleri.
5:12 of 3rd period - Shot Misses the Net.
5:14 of 3rd period - Slapshot by Ryan Suter.
5:14 of 3rd period - Deflect By Vincent Lecavalier.
5:14 of 3rd period - Stopped by Frederik Andersen with a rebound.
5:16 of 3rd period - Snap shot by Cam Barker.
5:16 of 3rd period - Stopped by Frederik Andersen without a rebound.
5:17 of 3rd period - Artem Anisimov wins face-off versus Jason Spezza in Devils zone.
5:18 of 3rd period - Snap shot by Cam Barker.
5:18 of 3rd period - Deflect By Jason Spezza.
5:18 of 3rd period - Stopped by Frederik Andersen without a rebound.
5:19 of 3rd period - Jason Spezza wins face-off versus Patrice Bergeron in Devils zone.
5:30 of 3rd period - Snap shot by Ilya Kovalchuk.
5:30 of 3rd period - Shot Blocked by Ryan Suter.
5:51 of 3rd period - Wrist shot by Gabriel Landeskog.
5:51 of 3rd period - Stopped by Henrik Lundqvist without a rebound.
5:52 of 3rd period - Patrice Bergeron wins face-off versus Gabriel Landeskog in Rangers zone.
5:59 of 3rd period - Michal Rozsival is hit by Jakob Silfverberg and loses puck.
6:18 of 3rd period - Vladimir Tarasenko is hit by Mark Fistric.
6:28 of 3rd period - Snap shot by Jason Spezza.
6:28 of 3rd period - Shot Blocked by Staffan Kronwall.
6:44 of 3rd period - Slapshot by Artem Anisimov.
6:44 of 3rd period - Stopped by Frederik Andersen without a rebound.
6:45 of 3rd period - Matt Duchene wins face-off versus Artem Anisimov in Devils zone.
7:18 of 3rd period - Snap shot by Ilya Kovalchuk.
7:18 of 3rd period - Shot Blocked by Matt Greene.
7:20 of 3rd period - Snap shot by Mike Komisarek.
7:20 of 3rd period - Shot Misses the Net.
7:38 of 3rd period - Brad Richardson is hit by Matt Greene.
9:45 of 3rd period - Slapshot by Cam Barker.
9:45 of 3rd period - Stopped by Frederik Andersen without a rebound.
9:46 of 3rd period - Nick Foligno wins face-off versus Jason Spezza in Devils zone.
10:20 of 3rd period - Jason Spezza is hit by Mark Fistric and loses puck.
10:33 of 3rd period - Slapshot by Mark Fistric.
10:33 of 3rd period - Shot Misses the Net.
11:01 of 3rd period - Snap shot by Nick Foligno.
11:01 of 3rd period - Stopped by Frederik Andersen with a rebound.
11:03 of 3rd period - Wrist shot by Mike Cammalleri.
11:03 of 3rd period - Stopped by Frederik Andersen with a rebound.
11:05 of 3rd period - Slapshot by Mark Fistric.
11:05 of 3rd period - Shot Misses the Net.
11:07 of 3rd period - Snap shot by Mike Cammalleri.
11:07 of 3rd period - Stopped by Frederik Andersen with a rebound.
11:09 of 3rd period - Slapshot by Bryan Young.
11:09 of 3rd period - Stopped by Frederik Andersen without a rebound.
11:10 of 3rd period - Patrice Bergeron wins face-off versus Matt Duchene in Devils zone.
11:21 of 3rd period - Snap shot by Karl Alzner.
11:21 of 3rd period - Deflect By Matt Duchene.
11:21 of 3rd period - Shot Misses the Net.
11:21 of 3rd period - Puck is out of play.
11:22 of 3rd period - Patrice Bergeron wins face-off versus Matt Duchene in Rangers zone.
11:52 of 3rd period - Staffan Kronwall is hit by Vincent Lecavalier and loses puck.
12:13 of 3rd period - Steve Ott is hit by Valtteri Filppula and loses puck.
12:30 of 3rd period - Staffan Kronwall is hit by Matt Duchene and loses puck.
13:08 of 3rd period - Snap shot by Michael Frolik.
13:08 of 3rd period - Stopped by Henrik Lundqvist without a rebound.
13:09 of 3rd period - Matt Duchene wins face-off versus Patrice Bergeron in Rangers zone.
13:10 of 3rd period - Slapshot by Michael Frolik.
13:10 of 3rd period - Stopped by Henrik Lundqvist without a rebound.
13:11 of 3rd period - Matt Duchene wins face-off versus Patrice Bergeron in Rangers zone.
13:36 of 3rd period - Ryan Suter is hit by Matt Duchene.
13:40 of 3rd period - Karl Alzner is hit by Milan Lucic and loses puck.
14:05 of 3rd period - Matt Greene is hit by Michael Frolik and loses puck.
14:22 of 3rd period - Matt Duchene is hit by Milan Lucic and loses puck.
15:05 of 3rd period - Cam Barker is hit by Chris Phillips and loses puck.
15:20 of 3rd period - Slapshot by Jakob Silfverberg.
15:20 of 3rd period - Stopped by Frederik Andersen with a rebound.
15:22 of 3rd period - Snap shot by Patrice Bergeron.
15:22 of 3rd period - Stopped by Frederik Andersen without a rebound.
15:23 of 3rd period - Jason Spezza wins face-off versus Artem Anisimov in Devils zone.
15:50 of 3rd period - Staffan Kronwall is hit by Brad Richardson and loses puck.
16:06 of 3rd period - Icing by Brad Richardson.
16:07 of 3rd period - Steve Ott wins face-off versus Valtteri Filppula in Devils zone.
16:07 of 3rd period - Steve Ott is hit by Valtteri Filppula.
16:13 of 3rd period - Brett Maclean is hit by Chris Bourque and loses puck.
16:52 of 3rd period - Ryan Suter is hit by Ilya Kovalchuk and loses puck.
17:12 of 3rd period - Slapshot by Cam Barker.
17:12 of 3rd period - Stopped by Frederik Andersen with a rebound.
17:49 of 3rd period - Snap shot by Nick Foligno.
17:49 of 3rd period - Goal by Nick Foligno - Rangers : 5 - Devils : 4.
17:50 of 3rd period - Jason Spezza wins face-off versus Stephen Weiss in neutral zone.
18:15 of 3rd period - Vincent Lecavalier is hit by Staffan Kronwall and loses puck.
18:46 of 3rd period - Devils, Frederik Andersen is pulled from the net.
18:52 of 3rd period - Michael Frolik is hit by Patrice Bergeron and loses puck.
19:09 of 3rd period - Snap shot by Matt Read.
19:09 of 3rd period - Shot Misses the Net.
19:11 of 3rd period - Slapshot by Matt Greene.
19:11 of 3rd period - Goal by Matt Greene - Rangers : 6 - Devils : 4.
19:11 of 3rd period - Frederik Andersen from Devils was sent back in the game.
19:12 of 3rd period - Patrice Bergeron wins face-off versus Vincent Lecavalier in neutral zone.
19:39 of 3rd period - Wrist shot by Michael Frolik.
19:39 of 3rd period - Shot Blocked by Ryan Suter.
19:59 of 3rd period - Wrist shot by Ryan Suter.
19:59 of 3rd period - Stopped by Frederik Andersen with a rebound.
Goals for this period are 3 for Rangers vs 2 for Devils.
Shots for this period are 17 for Rangers vs 8 for Devils.